[Event "Team 45 45 League T72"]
[Site "Internet Chess Club"]
[Date "2017.03.19"]
[Round "1"]
[White "Tobiasdelmonte"]
[Black "jjimalo"]
[Result "0-1"]
[WhiteElo "1685"]
[BlackElo "1830"]
[Opening "Nimzo-Indian: Kmoch variation"]
[ECO "E20"]
[Time "12:31:09"]
[TimeControl "2700+45"]

1. d4 Nf6 2. c4 e6 3. Nc3 Bb4 4. f3 d5 5. Bg5 h6 6. Bh4 O-O 7. a3 Be7 8. e4 dxe4
9. Qc1 Qxd4 10. Bf2 e3 11. Bxe3 Qd8 12. Nge2 Nbd7 13. Nf4 c6 14. Bd3 Ne5 15. Be2
b6 16. O-O Ba6 17. Rd1 Qc7 18. b3 Rfd8 19. Qc2 Rxd1+ 20. Rxd1 Rd8 21. Bc1 b5 22.
Rxd8+ Qxd8 23. cxb5 cxb5 24. Bxb5 Bxb5 25. Nxb5 Qb6+ 26. Kh1 Qxb5 27. h4 Qc5 28.
Qd2 Nd5 29. b4 Qc4 30. h5 Bg5 31. g3 Qf1+ 32. Kh2 Nxf3# {White checkmated} 0-1

[Event "Team 45 45 League T72"]
[Site "Internet Chess Club"]
[Date "2017.03.20"]
[Round "1"]
[White "chessnow"]
[Black "JPSVI"]
[Result "1-0"]
[WhiteElo "1798"]
[BlackElo "1728"]
[Opening "French: Fort Knox variation"]
[ECO "C03"]
[Time "22:30:28"]
[TimeControl "2700+45"]

1. e4 e6 2. d4 d5 3. Nd2 dxe4 4. Nxe4 Bd7 5. Nf3 Bc6 6. Bd3 Nd7 7. O-O Ngf6 8.
Ned2 Be7 9. c4 O-O 10. b3 b6 11. Bb2 Bb7 12. Qc2 h6 13. Ne5 Re8 14. f4 c5 15. f5
cxd4 16. Nxf7 Kxf7 17. fxe6+ Kxe6 18. Bg6 Nf8 19. Rae1+ Kd6 20. Bxe8 Qxe8 21.
Ba3+ Kd7 22. Rxe7+ Qxe7 23. Bxe7 Kxe7 24. Qf5 Kf7 25. Ne4 Bxe4 26. Qxe4 Re8 27.
Qxd4 Ne6 28. Qd5 Kg8 29. Qb7 {Black resigns} 1-0

[Event "Team 45 45 League T72"]
[Site "Internet Chess Club"]
[Date "2017.03.18"]
[Round "1"]
[White "Insan996"]
[Black "anishio"]
[Result "1-0"]
[WhiteElo "1636"]
[BlackElo "1658"]
[Opening "Grünfeld: Three knights variation"]
[ECO "D90"]
[Time "20:42:50"]
[TimeControl "2700+45"]

1. d4 Nf6 2. Nf3 g6 3. c4 Bg7 4. Nc3 d5 5. cxd5 Nxd5 6. g3 O-O 7. Bg2 c6 8. O-O
Nxc3 9. bxc3 Be6 10. Ba3 Nd7 11. Qc2 Nb6 12. Nd2 Qd7 13. Rfe1 Rfe8 14. Rab1 Rad8
15. Bc5 Qc7 16. a4 Nc8 17. Rb2 b6 18. Ba3 Nd6 19. a5 b5 20. Bb4 Bh6 21. Rbb1 a6
22. Ra1 Nb7 23. Nb3 Bc4 24. Nd2 Be6 25. Nb3 Bc4 26. Nd2 c5 27. Nxc4 cxb4 28. Nb6
bxc3 29. Bxb7 Qxb7 30. Qxc3 Rd6 31. e3 Bg7 32. Rac1 e5 33. d5 e4 34. Qc7 Qxc7
35. Rxc7 Be5 36. Ra7 Bc3 37. Rc1 Bxa5 38. Nc8 Rf6 39. Ne7+ Kf8 40. Nc6 Bd2 41.
Rc2 {Black resigns} 1-0

[Event "Team 45 45 League T72"]
[Site "Internet Chess Club"]
[Date "2017.03.18"]
[Round "1"]
[White "ChessRooklift"]
[Black "Kronus"]
[Result "1-0"]
[WhiteElo "1769"]
[BlackElo "1587"]
[Opening "Dutch"]
[ECO "A80"]
[Time "19:15:27"]
[TimeControl "2700+45"]

1. d4 f5 2. Nf3 Nf6 3. c4 e6 4. g3 d6 5. Bg2 Be7 6. Nc3 c6 7. b3 Nbd7 8. Bb2 h6
9. e3 Nf8 10. Qc2 g5 11. h4 g4 12. Ng1 h5 13. Nge2 Ng6 14. Nf4 Nxf4 15. exf4 Bd7
16. O-O-O d5 17. Rhe1 Qc7 18. Re2 Kf7 19. c5 Rhb8 20. Kd2 b5 21. Ke1 a5 22. Kf1
Bc8 23. Kg1 Qa7 24. Rde1 Rb7 25. Re3 Bf8 26. Bf1 Re7 27. Bd3 Qc7 28. a3 Bh6 29.
Bxf5 Bd7 30. Re5 Rg8 31. Bc1 Ne8 32. Bh7 Rg7 33. Bd3 Nf6 34. f5 Qd8 35. Bxh6 Rg8
36. fxe6+ Bxe6 37. Bg5 Ree8 38. Bxf6 Qxf6 39. Qd2 Rgf8 40. Qg5 Qf3 41. Bg6+ Kg8
42. Bxe8+ Kh8 43. Qxh5+ Kg8 44. Qg6+ Kh8 45. Rh5# {Black checkmated} 1-0

[Event "Team 45 45 League T72"]
[Site "Internet Chess Club"]
[Date "2017.03.16"]
[Round "1"]
[White "cap78red"]
[Black "backrankbrawler"]
[Result "0-1"]
[WhiteElo "1471"]
[BlackElo "1759"]
[Opening "English: Mikenas-Carls variation"]
[ECO "A18"]
[Time "09:30:36"]
[TimeControl "2700+45"]

1. c4 Nf6 2. Nc3 e6 3. e4 d6 4. f4 c5 5. Nf3 Nc6 6. d3 Be7 7. Be2 a6 8. O-O O-O
9. f5 exf5 10. exf5 Bxf5 11. Nh4 Be6 12. Nf5 Bxf5 13. Rxf5 Nd4 14. Rg5 h6 15.
Rg3 Re8 16. Bf3 Rb8 17. Be4 Nxe4 18. Nxe4 d5 19. Rxg7+ Kxg7 20. Qg4+ Kh7 21. Qh5
dxe4 22. Bxh6 Ne2+ 23. Kh1 Bf6 24. Bg5+ Kg8 25. Rf1 Re5 {White resigns} 0-1

[Event "Team 45 45 League T72"]
[Site "Internet Chess Club"]
[Date "2017.03.18"]
[Round "1"]
[White "cayo89"]
[Black "Darshukarpov"]
[Result "0-1"]
[WhiteElo "1654"]
[BlackElo "1394"]
[Opening "Sicilian: Hungarian variation"]
[ECO "B27"]
[Time "10:39:41"]
[TimeControl "2700+45"]

1. e4 c5 2. Nf3 g6 3. Bd3 Bg7 4. c3 Nc6 5. Qe2 d5 6. e5 c4 7. Bc2 Bg4 8. Ba4 Qa5
9. Bxc6+ bxc6 10. h3 Bxf3 11. gxf3 e6 12. f4 Ne7 13. d4 cxd3 14. Qxd3 Nf5 15.
Nd2 Rd8 16. Nf3 c5 17. Bd2 c4 18. Qe2 Qb6 19. Be3 Nxe3 20. Qxe3 Qxb2 21. O-O O-O
22. Rab1 Qxa2 23. Ra1 Qc2 24. Nd4 Qd3 25. Rxa7 Rc8 26. Rfa1 Rfe8 27. R1a6 Bf8
28. Nc6 Qxe3 29. fxe3 Bc5 30. Rb7 Bxe3+ 31. Kg2 Kg7 {White resigns} 0-1

[Event "Team 45 45 League T72"]
[Site "Internet Chess Club"]
[Date "2017.03.18"]
[Round "1"]
[White "Ptzz"]
[Black "soccerisfun"]
[Result "0-1"]
[WhiteElo "2028"]
[BlackElo "1935"]
[Opening "Dutch: Leningrad, main variation with Nc6"]
[ECO "A89"]
[Time "10:00:32"]
[TimeControl "2700+45"]

1. c4 f5 2. g3 Nf6 3. Bg2 g6 4. Nf3 Bg7 5. O-O O-O 6. d4 d6 7. Nc3 Nc6 8. d5 Ne5
9. Nxe5 dxe5 10. c5 e4 11. Qb3 Kh8 12. f3 exf3 13. Bxf3 Re8 14. Rd1 e5 15. dxe6
Qe7 16. c6 bxc6 17. Qa4 Qc5+ 18. Kg2 Rxe6 19. Rd8+ Ng8 20. Bf4 Bf6 21. Rad1 Bxd8
22. Rxd8 Bb7 23. Rxa8 Bxa8 24. Qb3 Qe7 25. Qb8 Qe8 26. Qxa7 Nf6 27. Qxc7 Nd5 28.
Nxd5 cxd5 29. Qc3+ Kg8 30. e3 d4 31. Qxd4 Bxf3+ 32. Kxf3 g5 33. a4 gxf4 34. Qxf4
Qc6+ 35. Kf2 Qc2+ 36. Kg1 Qc1+ 37. Kg2 Qxb2+ 38. Kh3 Qe5 39. Qg5+ Rg6 40. Qd8+
Kg7 41. Qd7+ Kh6 42. Qd8 Qf6 43. Qb8 Qd6 44. Qc8 Qa6 45. Qf8+ Kg5 46. Qd8+ Qf6
47. Qb8 Rh6+ 48. Kg2 Qc6+ {White resigns} 0-1

[Event "Team 45 45 League T72"]
[Site "Internet Chess Club"]
[Date "2017.03.19"]
[Round "1"]
[White "joebobpop"]
[Black "volodia80"]
[Result "1/2-1/2"]
[WhiteElo "1935"]
[BlackElo "1692"]
[Opening "Ruy Lopez: Treybal (Bayreuth) variation (exchange var. deferred)"]
[ECO "C77"]
[Time "15:35:15"]
[TimeControl "2700+45"]

1. e4 e5 2. Nf3 Nc6 3. Bb5 a6 4. Ba4 Nf6 5. Bxc6 dxc6 6. d3 Bd6 7. Nbd2 O-O 8.
Nc4 Re8 9. h3 b5 10. Ne3 Be6 11. O-O c5 12. b3 Nh5 13. Bb2 Qf6 14. Kh1 Nf4 15.
Nh2 h5 16. Qf3 a5 17. a4 c6 18. Rfd1 Qg6 19. Nhf1 Rf8 20. Ng3 Qg5 21. Ngf5 Bxf5
22. Nxf5 Rfd8 23. Bc1 Qg6 24. Be3 Ne6 25. Ng3 h4 26. Nf5 Nd4 27. Bxd4 exd4 28.
Nxh4 Qg5 29. Nf5 g6 30. Ng3 Re8 31. e5 Bxe5 32. Qxc6 Bxg3 33. fxg3 Rac8 34. Qxb5
Qxg3 35. Qb7 Rc7 36. Qd5 Re2 37. Rac1 Rce7 38. Rf1 Kg7 39. Qc6 R7e6 40. Qd5 Re7
41. Kg1 R7e6 42. Kh1 Re7 {Game drawn by repetition} 1/2-1/2

[Event "Team 45 45 League T72"]
[Site "Internet Chess Club"]
[Date "2017.03.19"]
[Round "1"]
[White "SlimeDog2"]
[Black "JasonModer"]
[Result "0-1"]
[WhiteElo "2091"]
[BlackElo "2032"]
[Opening "QGA: Linares variation"]
[ECO "D20"]
[Time "19:13:06"]
[TimeControl "2700+45"]

1. d4 d5 2. c4 dxc4 3. e4 c5 4. d5 Nf6 5. Nc3 b5 6. e5 b4 7. exf6 bxc3 8. bxc3
Nd7 9. fxe7 Bxe7 10. Bxc4 Nb6 11. Bb5+ Bd7 12. Ba6 Ba4 13. Qd3 Qxd5 14. Ne2 Qxd3
15. Bxd3 Rd8 {White resigns} 0-1

[Event "Team 45 45 League T72"]
[Site "Internet Chess Club"]
[Date "2017.03.18"]
[Round "1"]
[White "RickyWang"]
[Black "searchforbobby1"]
[Result "0-1"]
[WhiteElo "1813"]
[BlackElo "1952"]
[Opening "Sicilian: Pelikan, Bird variation"]
[ECO "B33"]
[Time "19:15:34"]
[TimeControl "2700+45"]

1. e4 c5 2. Nf3 Nc6 3. d4 cxd4 4. Nxd4 Nf6 5. Nc3 e5 6. Ndb5 d6 7. Bg5 a6 8. Na3
Be6 9. Nc4 Rc8 10. Bxf6 Qxf6 11. Ne3 Be7 12. Ncd5 Bxd5 13. Nxd5 Qg6 14. f3 O-O
15. Nxe7+ Nxe7 16. Qd2 d5 17. Bd3 Qb6 18. O-O-O d4 19. h4 Qc5 20. h5 b5 21. g4
a5 22. Qxa5 Ra8 23. Qxb5 Qd6 24. Kb1 Rfb8 25. Qc4 Rb4 26. g5 Rxc4 27. Bxc4 Qc5
28. Bb3 Ra6 29. c3 Rd6 30. cxd4 Rxd4 31. Rc1 Qd6 32. Rh2 Rd2 33. Rxd2 Qxd2 34.
Rd1 Qa5 35. Rd7 Kf8 36. Bc4 Qe1+ 37. Kc2 Nc6 38. Rxf7+ Ke8 39. Rxg7 Nd4+ 40. Kd3
Qf1+ 41. Kc3 Qxf3+ 42. Kb4 Qf8+ {White resigns} 0-1

[Event "Team 45 45 League T72"]
[Site "Internet Chess Club"]
[Date "2017.03.19"]
[Round "1"]
[White "ArturitoGalacti"]
[Black "anna"]
[Result "1/2-1/2"]
[WhiteElo "1865"]
[BlackElo "1842"]
[Opening "English: Bremen system, Keres variation"]
[ECO "A23"]
[Time "16:03:52"]
[TimeControl "2700+45"]

1. c4 e5 2. Nc3 Nf6 3. g3 c6 4. d4 exd4 5. Qxd4 d5 6. Bg2 dxc4 7. Qxc4 Be6 8.
Qa4 Bc5 9. Nf3 Nbd7 10. O-O O-O 11. Bf4 Qe7 12. Ng5 Bf5 13. Nge4 Nxe4 14. Bxe4
Bxe4 15. Nxe4 Rfe8 16. Nxc5 Nxc5 17. Qc2 Ne6 18. Be3 c5 19. Rad1 b6 20. Rd2 Rad8
21. Rfd1 Rxd2 22. Qxd2 Rd8 23. Qc2 Rxd1+ 24. Qxd1 Qd8 25. Qa4 {Game drawn by
mutual agreement} 1/2-1/2

[Event "Team 45 45 League T72"]
[Site "Internet Chess Club"]
[Date "2017.03.17"]
[Round "1"]
[White "vjbaker"]
[Black "ChessHouston"]
[Result "0-1"]
[WhiteElo "1827"]
[BlackElo "1910"]
[Opening "Pirc: classical (two knights) system"]
[ECO "B08"]
[Time "18:01:11"]
[TimeControl "2700+45"]

1. e4 d6 2. d4 Nf6 3. Nc3 g6 4. Nf3 Bg7 5. Bc4 O-O 6. O-O c6 7. a4 Qa5 8. Bd2
Qc7 9. Qe2 e5 10. d5 c5 11. Nb5 Qe7 12. b4 a6 13. Na3 cxb4 14. Bxb4 Nh5 15. Bd2
Nd7 16. a5 Nc5 17. h3 Nf4 18. Qe1 g5 19. Bxf4 exf4 20. Rb1 Qxe4 21. Nxg5 Qg6 22.
Nf3 Bxh3 23. Nh4 Qg5 24. f3 Bd4+ 25. Kh2 Rae8 26. Qd2 Be3 27. Qc3 Qg3+ 28. Kh1
Bxg2+ 29. Nxg2 Qh3# {White checkmated} 0-1

[Event "Team 45 45 League T72"]
[Site "Internet Chess Club"]
[Date "2017.03.18"]
[Round "1"]
[White "calsal"]
[Black "kllrchris"]
[Result "1-0"]
[WhiteElo "1721"]
[BlackElo "1666"]
[Opening "Blackmar-Diemer: Euwe defense"]
[ECO "D00"]
[Time "17:02:20"]
[TimeControl "2700+45"]

1. d4 Nf6 2. Nc3 d5 3. e4 dxe4 4. f3 exf3 5. Nxf3 e6 6. Bg5 Be7 7. Bd3 c5 8.
dxc5 Qa5 9. O-O Qxc5+ 10. Kh1 Nbd7 11. Qe1 a6 12. Rd1 O-O 13. Qh4 Qb4 14. Ne4 g6
15. Bxf6 Nxf6 16. Nxf6+ {Black resigns} 1-0

[Event "Team 45 45 League T72"]
[Site "Internet Chess Club"]
[Date "2017.03.16"]
[Round "1"]
[White "Mitochondria"]
[Black "Yedixon"]
[Result "0-1"]
[WhiteElo "1612"]
[BlackElo "1693"]
[Opening "QGD: Chigorin defense"]
[ECO "D07"]
[Time "20:03:51"]
[TimeControl "2700+45"]

1. d4 d5 2. c4 Nc6 3. Nf3 Bg4 4. e3 e5 5. Be2 e4 6. Nfd2 Bxe2 7. Qxe2 Nb4 8. Nb3
Nd3+ 9. Kf1 dxc4 10. Nc5 Bxc5 11. dxc5 Nxc1 12. Qd2 Qxd2 13. Nxd2 Nd3 14. Nxc4
O-O-O 15. Ke2 Nxc5 16. Ne5 Nh6 17. h3 f6 18. Nc4 b5 19. Na5 Rd6 20. Rac1 Nd3 21.
Rc2 Nf5 22. Nc6 Kb7 23. Na5+ Kb6 24. Nb3 c5 25. Ra1 c4 26. Nd2 Nc5 27. Rac1 Rhd8
28. b4 cxb3 29. Nxb3 Nxb3 30. axb3 Ne7 31. Rc7 R8d7 32. R7c2 Nc6 33. f3 exf3+
34. Kxf3 Ne5+ 35. Kg3 Rd3 36. Kf4 Rxb3 37. Rc8 Nc4 38. Rb8+ Ka5 39. Ra1+ Ra3 40.
Rb1 a6 41. Rc8 Nxe3 {White resigns} 0-1

[Event "Team 45 45 League T72"]
[Site "Internet Chess Club"]
[Date "2017.03.16"]
[Round "1"]
[White "Chess4Him"]
[Black "Scorpius"]
[Result "0-1"]
[WhiteElo "1605"]
[BlackElo "1395"]
[Opening "Queen's bishop game"]
[ECO "D02"]
[Time "21:02:22"]
[TimeControl "2700+45"]

1. d4 d5 2. Nf3 Nf6 3. Bf4 Bf5 4. e3 e6 5. c4 c6 6. Nc3 Bb4 7. a3 Bxc3+ 8. bxc3
Ne4 9. Qb3 Qb6 10. Qb4 Nd7 11. c5 Qxb4 12. cxb4 O-O 13. Nh4 Rfe8 14. Nxf5 exf5
15. f3 g5 16. Be5 Nxe5 17. dxe5 Nc3 18. Kd2 Na4 19. f4 gxf4 20. exf4 f6 21. Bd3
fxe5 22. fxe5 Rxe5 23. Rhe1 Rae8 24. Rxe5 Rxe5 25. Rf1 Nb2 26. Bb1 Nc4+ 27. Kc3
Re3+ 28. Kd4 Rxa3 29. Rxf5 Rb3 30. Rg5+ Kf7 31. Bxh7 Rxb4 32. Kc3 Rb5 33. Kd4 a5
34. Bd3 a4 35. Bxc4 dxc4 36. Kxc4 a3 37. Rg3 a2 38. Ra3 Rb2 39. Kc3 Rxg2 40. Ra7
Rxh2 41. Kb3 Ke6 42. Kc4 Rc2+ 43. Kd4 Kf5 44. Ra5 Kf4 45. Ra4 Kf3 46. Kd3 Rxc5
47. Rxa2 b5 48. Ra7 Rd5+ 49. Kc3 Ke3 50. Re7+ Kf4 51. Rc7 c5 52. Rb7 c4 53. Kb4
Ke4 54. Re7+ Re5 55. Rd7 Rd5 56. Re7+ Kd3 57. Rc7 Kd2 58. Rc6 Rd3 59. Kxb5 c3
60. Kb4 c2 61. Rg6 Re3 62. Rd6+ Rd3 63. Rg6 c1=Q 64. Rg2+ Ke3 65. Rg3+ Ke4 66.
Rg4+ Kd5 {White resigns} 0-1

[Event "Team 45 45 League T72"]
[Site "Internet Chess Club"]
[Date "2017.03.19"]
[Round "1"]
[White "UrsaMajor"]
[Black "BrerRabbit"]
[Result "1-0"]
[WhiteElo "1423"]
[BlackElo "1380"]
[Opening "Pirc defense"]
[ECO "B07"]
[Time "15:08:26"]
[TimeControl "2700+45"]

1. e4 d6 2. d4 Nf6 3. Bd3 Nc6 4. Nf3 Nb4 5. O-O Nxd3 6. Qxd3 e6 7. Re1 Be7 8. c4
b6 9. Nc3 O-O 10. Be3 Ba6 11. b3 d5 12. Rad1 Bb4 13. Bg5 h6 14. Bh4 Be7 15. Bxf6
Bxf6 16. exd5 exd5 17. Nxd5 Qxd5 18. cxd5 Bxd3 19. Rxd3 Rfe8 20. Kf1 Rxe1+ 21.
Kxe1 Rd8 22. Rc3 Rd7 23. Ke2 Kf8 24. Kd3 Rxd5 25. Rxc7 a5 26. Ke4 Rb5 27. Ne5
Bxe5 28. dxe5 a4 29. Rc3 axb3 30. Rxb3 Ra5 31. Rb2 Ra4+ 32. Kd3 Ra5 33. f4 Ra4
34. g3 Ra3+ 35. Kc4 Ke7 36. Kb5 Ra8 37. a4 f6 38. exf6+ Kxf6 39. Rc2 Ra5+ 40.
Kb4 Ra6 41. g4 g5 42. Rc6+ Kg7 43. f5 Kh7 44. Rc7+ Kg8 45. h3 h5 46. Rc4 Kg7 47.
Kb5 Ra5+ 48. Kxb6 Re5 49. Rc3 hxg4 50. hxg4 Re4 51. a5 Rxg4 52. a6 Rb4+ 53. Ka5
Rb1 54. Rc6 Ra1+ 55. Kb6 Rb1+ 56. Ka7 Rg1 57. Kb7 Rb1+ 58. Rb6 Rg1 59. a7 Rd1
60. a8=Q Rd7+ 61. Ka6 {Black resigns} 1-0

[Event "Team 45 45 League T72"]
[Site "Internet Chess Club"]
[Date "2017.03.18"]
[Round "1"]
[White "goodFriday"]
[Black "otherook"]
[Result "1-0"]
[WhiteElo "1885"]
[BlackElo "1734"]
[Opening "Scandinavian: Pytel-Wade variation"]
[ECO "B01"]
[Time "11:04:52"]
[TimeControl "2700+45"]

1. e4 d5 2. exd5 Qxd5 3. Nc3 Qd6 4. d4 Nf6 5. h3 Nc6 6. Nf3 Bf5 7. Bc4 e6 8. O-O
O-O-O 9. a3 Nxd4 10. Nxd4 Qxd4 11. Qe2 Ne4 12. Nb5 Qb6 13. Bf4 Bd6 14. Nxd6+
Nxd6 15. Bb3 Qb5 16. Qe3 Qb6 17. Qe2 Qb5 18. Qf3 Be4 19. Qe3 Qb6 20. Bxd6 Qxe3
21. fxe3 cxd6 22. Rxf7 d5 23. Raf1 g5 24. Ba4 Bf5 25. g4 Bg6 26. Re7 Rhf8 27.
Rxe6 Rxf1+ 28. Kxf1 d4 29. Ke2 dxe3 30. Rxe3 Rd4 31. Bb3 Kc7 32. c3 Re4 33. Bd5
Rxe3+ 34. Kxe3 b6 35. Be4 {Black resigns} 1-0

[Event "Team 45 45 League T72"]
[Site "Internet Chess Club"]
[Date "2017.03.18"]
[Round "1"]
[White "moodle"]
[Black "crazyhorses"]
[Result "1-0"]
[WhiteElo "1617"]
[BlackElo "1363"]
[Opening "Four knights: Spanish variation"]
[ECO "C48"]
[Time "16:00:28"]
[TimeControl "2700+45"]

1. e4 e5 2. Nf3 Nc6 3. Nc3 Nf6 4. Bb5 d6 5. d4 exd4 6. Nxd4 Bd7 7. Nf3 Be7 8.
O-O O-O 9. h3 Re8 10. Bf4 Bf8 11. Re1 g6 12. Bg5 Bg7 13. Nd5 Ne5 14. Nxe5 Bxb5
15. Ng4 Re6 16. Qf3 {Black resigns} 1-0

[Event "Team 45 45 League T72"]
[Site "Internet Chess Club"]
[Date "2017.03.18"]
[Round "1"]
[White "PsyMar"]
[Black "Srijan13"]
[Result "0-1"]
[WhiteElo "1237"]
[BlackElo "1459"]
[Opening "Sicilian: accelerated fianchetto, Maróczy bind, 5...Bg7"]
[ECO "B37"]
[Time "15:00:33"]
[TimeControl "2700+45"]

1. e4 c5 2. Nf3 Nc6 3. d4 cxd4 4. Nxd4 g6 5. c4 Bg7 6. Nxc6 bxc6 7. Nc3 e6 8.
Be2 Ne7 9. O-O O-O 10. Bg5 f6 11. Be3 d5 12. cxd5 cxd5 13. exd5 exd5 14. Bd4 Nf5
15. Rc1 Nxd4 16. Qxd4 Bb7 17. Bf3 f5 18. Bxd5+ Bxd5 19. Qxd5+ Qxd5 20. Nxd5 Bxb2
21. Rc7 Rf7 22. Rb1 Re8 23. Rxf7 Kxf7 24. Nc7 Re2 25. Nb5 a6 26. Nd6+ Ke6 27.
Nc4 Bd4 28. Rf1 Rxa2 29. Re1+ Kd5 30. Ne3+ Bxe3 31. fxe3 Kc4 32. h3 a5 33. Kh2
Kb3 34. Kg3 a4 35. Rb1+ Rb2 36. Rc1 a3 37. Rc7 a2 38. Ra7 Rb1 39. Kf4 a1=Q 40.
Rxa1 Rxa1 41. Kg5 Rg1 42. g4 Rg3 {White resigns} 0-1

[Event "Team 45 45 League T72"]
[Site "Internet Chess Club"]
[Date "2017.03.19"]
[Round "1"]
[White "zepled37"]
[Black "kidviper"]
[Result "1/2-1/2"]
[WhiteElo "1712"]
[BlackElo "1940"]
[Opening "Neo-Grünfeld, 6.O-O c6"]
[ECO "D78"]
[Time "17:06:06"]
[TimeControl "2700+45"]

1. Nf3 d5 2. g3 Nf6 3. Bg2 g6 4. O-O Bg7 5. d4 O-O 6. c4 c6 7. Nc3 dxc4 8. Ne5
Be6 9. e4 Nfd7 10. Nf3 Bg4 11. h3 Bxf3 12. Bxf3 Qb6 13. e5 Rd8 14. Na4 Qc7 15.
Qe2 b5 16. Nc3 Nb6 17. Nxb5 cxb5 18. Bxa8 Nxa8 19. Be3 Nb6 20. Rac1 Qd7 21. Kh2
Nd5 22. a4 Nxe3 23. fxe3 a6 24. b3 cxb3 25. axb5 axb5 26. Rb1 Nc6 27. Qxb5 Nxe5
28. Qxb3 Nc6 29. Qxf7+ Kh8 30. Qc4 Bf6 31. Rfc1 Nxd4 32. exd4 Qxd4 33. Qxd4 Bxd4
{Game drawn by mutual agreement} 1/2-1/2

[Event "Team 45 45 League T72"]
[Site "Internet Chess Club"]
[Date "2017.03.19"]
[Round "1"]
[White "kidcobra"]
[Black "justice02"]
[Result "1-0"]
[WhiteElo "1815"]
[BlackElo "1639"]
[Opening "French: Tarrasch, closed variation"]
[ECO "C05"]
[Time "15:00:35"]
[TimeControl "2700+45"]

1. e4 e6 2. d4 d5 3. Nd2 Nf6 4. e5 Nfd7 5. Ngf3 a6 6. a4 c5 7. c3 Nc6 8. Bd3 Be7
9. h4 cxd4 10. cxd4 Qb6 11. Nb3 Bb4+ 12. Kf1 O-O 13. Bxh7+ Kh8 14. Ng5 g6 15. h5
Be7 16. hxg6 Ndxe5 17. Qh5 f5 18. g7+ Kxg7 19. Qh6+ {Black resigns} 1-0

[Event "Team 45 45 League T72"]
[Site "Internet Chess Club"]
[Date "2017.03.19"]
[Round "1"]
[White "Grenadier"]
[Black "BJJ"]
[Result "1-0"]
[WhiteElo "1624"]
[BlackElo "1394"]
[Opening "Scandinavian (center counter) defense"]
[ECO "B01"]
[Time "19:10:34"]
[TimeControl "2700+45"]

1. e4 d5 2. exd5 Qxd5 3. Nc3 Qa5 4. d4 c6 5. Nf3 Nf6 6. Bc4 Bf5 7. Bd2 Qc7 8.
Ne5 e6 9. g4 Bg6 10. h4 Ne4 11. h5 Nxc3 12. Bxc3 Be4 13. f3 Bd5 14. Bxd5 cxd5
15. Qe2 Nc6 16. O-O-O Bd6 17. Rhf1 O-O-O 18. f4 Nb4 19. Bxb4 Bxb4 20. Qb5 Bd6
21. Rd3 Kb8 22. Rc3 a6 23. Qb3 Bxe5 24. Rxc7 Bxc7 25. f5 Rhe8 26. fxe6 Rxe6 27.
Kd1 Ba5 28. c3 Rd7 29. Qa4 Rde7 30. Qxa5 f6 31. Qxd5 h6 32. a4 Kc7 33. b4 Re4
34. Qf5 Kd6 35. Kc2 b6 36. Rd1 Re2+ 37. Rd2 R2e3 38. a5 b5 39. Qc5+ Ke6 40. d5+
Kd7 41. d6 R7e5 42. Qc7+ Ke6 43. d7 f5 44. gxf5+ Kf6 45. Qxe5+ Kxe5 46. d8=Q
Kxf5 47. Qd5+ Kg4 48. Qd4+ Kf3 49. Qxg7 Re1 50. Qg2+ Kf4 51. Qf2+ Kg4 52. Qxe1
Kxh5 53. Qg1 Kh4 54. Rh2# {Black checkmated} 1-0

[Event "Team 45 45 League T72"]
[Site "Internet Chess Club"]
[Date "2017.03.20"]
[Round "1"]
[White "kingsrook"]
[Black "bmw2002"]
[Result "0-1"]
[WhiteElo "1265"]
[BlackElo "1462"]
[Opening "King's Indian: Makagonov system (5.h3)"]
[ECO "E71"]
[Time "20:07:36"]
[TimeControl "2700+45"]

1. d4 Nf6 2. c4 g6 3. Nc3 Bg7 4. e4 d6 5. h3 O-O 6. Be3 e5 7. d5 a5 8. Bd3 Na6
9. a3 c6 10. Nf3 Bd7 11. O-O cxd5 12. cxd5 Nc7 13. Rc1 Nce8 14. Qb3 Nh5 15. Nb5
f5 16. Bg5 Bf6 17. Bh6 Rf7 18. Nc3 f4 19. Rc2 g5 20. Bb5 g4 21. hxg4 Bxg4 {White
forfeits on time} 0-1

[Event "Team 45 45 League T72"]
[Site "Internet Chess Club"]
[Date "2017.03.20"]
[Round "1"]
[White "cadmiumorange"]
[Black "Goli"]
[Result "0-1"]
[WhiteElo "1832"]
[BlackElo "1759"]
[Opening "Réti: King's Indian attack"]
[ECO "A05"]
[Time "14:08:21"]
[TimeControl "2700+45"]

1. Nf3 Nf6 2. g3 g6 3. Bg2 Bg7 4. O-O O-O 5. d3 d5 6. Nbd2 c6 7. e4 dxe4 8. dxe4
Na6 9. Qe2 Qc7 10. Nc4 b5 11. Bf4 Qb7 12. Na5 Qb6 13. Nb3 Bb7 14. a4 bxa4 15.
Rxa4 c5 16. Nfd2 Nd7 17. Nc4 Qc6 18. Raa1 e5 19. Bd2 Nc7 20. Nba5 Qb5 21. Nxb7
Qxb7 22. Be3 Ne6 23. c3 Rfd8 24. Rfd1 Nb6 25. Nd2 Qc7 26. Qb5 Rab8 27. Qa5 Ra8
28. b4 cxb4 29. cxb4 Nd4 30. Rac1 Ne2+ 31. Kh1 Nxc1 32. Qa3 Ne2 33. Bf1 Nd4
{White resigns} 0-1

[Event "Team 45 45 League T72"]
[Site "Internet Chess Club"]
[Date "2017.03.18"]
[Round "1"]
[White "julesraider"]
[Black "PolishRyszard"]
[Result "0-1"]
[WhiteElo "1638"]
[BlackElo "1792"]
[Opening "Dutch defense"]
[ECO "A81"]
[Time "16:00:24"]
[TimeControl "2700+45"]

1. d4 f5 2. g3 Nf6 3. Bg2 e6 4. Nf3 Be7 5. O-O O-O 6. b3 d6 7. Bb2 Ne4 8. Nbd2
Bf6 9. c4 Nc6 10. e3 Qe7 11. a3 Nxd2 12. Qxd2 e5 13. Rfc1 e4 14. Ne1 Bd7 15. b4
g5 16. b5 Nd8 17. a4 g4 18. c5 Ne6 19. cxd6 cxd6 20. Ba3 a5 21. Qa2 Rfd8 22. Qd5
Bc8 23. b6 Kh8 24. Bf1 Ng5 25. Rc7 Qe6 26. Qxe6 Nxe6 27. Rf7 Bg7 28. Rc1 Kg8 29.
Rxf5 Nxd4 30. Bc4+ Kh8 31. Rd5 Nf5 32. Bb5 Be6 33. Rd2 d5 34. Rc7 Rab8 35. Ng2
Be5 36. Bb2 Bxb2 37. Rxb2 d4 38. exd4 Nxd4 39. Nf4 Nf3+ 40. Kg2 Rd1 41. Bf1 Ne1+
42. Kg1 Nf3+ 43. Kg2 Rbd8 44. Nxe6 Rxf1 45. Rxh7+ Kxh7 46. Ng5+ Kg6 47. Nh3
gxh3+ 48. Kxh3 Rh8+ 49. Kg4 Rxh2 50. Re2 Ng5 51. Rc2 Rhxf2 52. Rc5 Rf5 53. Rc7
Rf7 54. Rc5 R1f5 55. Rc7 e3 56. Rc2 Re5 57. Re2 Re4# {White checkmated} 0-1

[Event "Team 45 45 League T72"]
[Site "Internet Chess Club"]
[Date "2017.03.19"]
[Round "1"]
[White "KidRattler"]
[Black "losscause"]
[Result "1-0"]
[WhiteElo "1596"]
[BlackElo "1479"]
[Opening "Scandinavian defense"]
[ECO "B01"]
[Time "18:02:17"]
[TimeControl "2700+45"]

1. e4 d5 2. exd5 Nf6 3. Nc3 Nxd5 4. Bc4 e6 5. Qf3 Nxc3 6. dxc3 Be7 7. Be3 O-O 8.
Rd1 Bd6 9. Nh3 Nc6 10. Bd3 f5 11. Qh5 Qe8 12. Qh4 Ne5 13. f3 Qg6 14. Nf4 Nxd3+
15. Rxd3 Bxf4 16. Qxf4 Qe8 17. Qxc7 {Black resigns} 1-0

[Event "Team 45 45 League T72"]
[Site "Internet Chess Club"]
[Date "2017.03.16"]
[Round "1"]
[White "cayo89"]
[Black "tryanything"]
[Result "1-0"]
[WhiteElo "1682"]
[BlackElo "1591"]
[Opening "Scotch gambit: Dubois-Réti defense"]
[ECO "C55"]
[Time "19:00:47"]
[TimeControl "2700+45"]

1. e4 Nc6 2. d4 e5 3. Nf3 exd4 4. Bc4 Nf6 5. e5 d5 6. Bb5 Ne4 7. Nxd4 Bd7 8.
Bxc6 bxc6 9. O-O Be7 10. f3 Nc5 11. Nc3 O-O 12. Be3 Ne6 13. Nb3 a5 14. Na4 f6
15. exf6 Rxf6 16. Qd2 Bb4 17. c3 Bd6 18. Nbc5 Qe8 19. Rfe1 Qf7 20. Rf1 Bf4 21.
Nxe6 Bxe3+ 22. Qxe3 Rxe6 23. Qf2 Rae8 24. Rfe1 Rxe1+ 25. Rxe1 Rxe1+ 26. Qxe1 Qe8
27. Qxe8+ Bxe8 28. Nc5 Kf7 29. Kf2 Ke7 30. a4 Bg6 31. b4 axb4 32. cxb4 Kd6 33.
a5 d4 34. a6 d3 35. Ke3 {Black resigns} 1-0